 Dungeon Crawl Stone Soup version 0.32-a0-913-g739538afd8 (webtiles) character file.

Game seed: 17025682291364867719

253 dialectric the Changeling (level 5, 0/50 HPs)
             Began as a Troll Shapeshifter on Apr 7, 2024.
             Slain by a black bear (2 damage)
             ... on level 4 of the Dungeon.
             The game lasted 00:01:57 (2217 turns).

dialectric the Changeling (Troll Shapeshifter)      Turns: 2217, Time: 00:01:58

Health: 0/50       AC:  4    Str: 22    XL:     5   Next: 90%
Magic:  4/4        EV:  9    Int:  6    God:
Gold:   184        SH:  0    Dex: 11    Spells: 4/4 levels left

rFire   . . .        x - +2 dagger (drain)
rCold   . . .        (no shield)
rNeg    . . .        a - +0 animal skin
rPois   .            (helmet currently unavailable)
rElec   .            (cloak currently unavailable)
rCorr   .            (gloves unavailable)
SInv    .            (boots unavailable)
Will    .....        (no amulet)
Stlth   +            (no ring)
HPRegen 1.08/turn    (no ring)
MPRegen 0.09/turn

%: no passive effects
@: beast-form
A: beast (slay +2), large, unfitting armour, claws 3, regeneration 1, shaggy fur
1, tough skin 1
a: Begin Untransformation


You were on level 4 of the Dungeon.
You were a hulking beast.
You visited 1 branch of the dungeon, and saw 4 of its levels.

You collected 184 gold pieces.

Inventory:

Hand Weapons
 u - a +0 mace
 x - a +2 dagger of draining (weapon)
Missiles
 l - 4 large rocks (quivered)
 s - a throwing net
Armour
 a - a +0 animal skin (worn)
Jewellery
 j - a ring of ice
Talismans
 c - a beast talisman (active)
 d - a flux talisman
Scrolls
 f - 3 scrolls of fog {unknown}
 g - 3 scrolls of identify {unknown}
 h - 2 scrolls of noise {unknown}
 i - a scroll of enchant armour {unknown}
 k - 4 scrolls of vulnerability {unknown}
 m - a scroll of amnesia {unknown}
 q - 2 scrolls of teleportation {unknown}
 v - a scroll of enchant weapon {unknown}
 w - a scroll of immolation {unknown}
Potions
 b - 3 potions of lignification
 e - 3 potions of curing {unknown}
 n - a potion of resistance {unknown}
 o - a potion of enlightenment {unknown}
 p - a potion of might {unknown}
 r - a potion of mutation {unknown}
 t - a potion of heal wounds {unknown}
 z - a potion of attraction {unknown}


   Skills:
 + Level 2.5 Fighting
 + Level 1.9 Maces & Flails
 + Level 3.0 Dodging
 - Level 3.0 Unarmed Combat
 + Level 4.0 Shapeshifting


You had 4 spell levels left.
You didn't know any spells.
Your spell library contained the following spells:

 Spells                   Type           Power      Damage    Failure   Level
 Apportation              Tloc           0%         N/A       45%         1
 Necrotise                Necr           0%         1d4       45%         1
 Sting                    Conj/Alch      0%         1d3       45%         1
 Summon Small Mammal      Summ           0%         N/A       45%         1
 Tukima's Dance           Hex            0%         N/A       83%         3
 Passage of Golubria      Tloc           0%         N/A       99%         4
 Yara's Violent Unravell  Hex/Alch       0%         3d3       100%        5


Dungeon Overview and Level Annotations

Branches:
Dungeon (4/15)             Temple (0/1) D:4

Altars:
Cheibriados
Makhleb
Nemelex Xobeh
Zin


Innate Abilities, Weirdness & Mutations

You are a hulking beast.
Your limbs bulge with bestial killing power. (Slay +2)
You are too large for most types of armour.
You have claws for hands.
Your natural rate of healing is unusually fast.
You are covered in fur. (AC +1)
You have tough skin. (AC +1)


Message History

The black bear bites you.
The black bear claws you but does no damage.
The black bear claws you.
You hit the black bear.
The black bear is moderately wounded.
The black bear bites you.
The black bear claws you but does no damage.
The black bear claws you.
You completely miss the black bear.
The black bear is moderately wounded.
The black bear bites you! The black bear claws you.
The black bear barely misses you.
You hit the black bear.
The black bear is heavily wounded.
The black bear bites you but does no damage.
The black bear claws you. The black bear barely misses you.
You hit the black bear.
The black bear is severely wounded.
The black bear bites you. The black bear claws you. x2
You hit the black bear. You drain the black bear.
The black bear is severely wounded.
The black bear goes berserk!
You hit the black bear but do no damage.
The black bear is severely wounded.
The black bear bites you. The black bear claws you.
* * * LOW HITPOINT WARNING * * *
The black bear barely misses you.
You hit the black bear. You drain the black bear.
The black bear is almost dead.
The black bear bites you.
* * * LOW HITPOINT WARNING * * *
The black bear claws you but does no damage.
The black bear claws you.
* * * LOW HITPOINT WARNING * * *
The black bear bites you.
* * * LOW HITPOINT WARNING * * *
The black bear claws you.
* * * LOW HITPOINT WARNING * * *
The black bear claws you.
You die...

......########........
...####..........⌠..>..⌠
.......................
...............####...#
#.######.#.###.# .⌠.#
#..#####.#.###.####...###
##..##.....##.....#......
###....#.###...###.......
#......#.###....hh.......
.......#......#####......
........).##..# .....
.........###.## .#..
.............# # .
#.......#....#
#......##...... #......#
.##.## #......# .. .#


You could see a black bear (berserk, drained).

Vanquished Creatures
  A scorpion (D:4)
  2 howler monkeys (D:4)
  A gnoll bouda (D:4)
  3 gnolls
  An adder (D:4)
  2 dart slugs
  2 orcs (D:3)
  7 ball pythons
  4 endoplasms
  2 giant cockroaches
  4 goblins
  2 hobgoblins
  8 kobolds
  4 quokkas
  3 frilled lizards
  4 rats
50 creatures vanquished.

Notes
Turn   | Place    | Note
-------+----------+-------------------------------------------
     0 | D:1      | dialectric the Troll Shapeshifter began the quest for the
                  | Orb.
     0 | D:1      | Reached XP level 1. HP: 18/18 MP: 0/0
    64 | D:1      | Reached skill level 1 in Fighting
   202 | D:1      | Reached XP level 2. HP: 25/27 MP: 1/1
  1176 | D:3      | Reached XP level 3. HP: 33/33 MP: 2/2
  1360 | D:3      | Found a glowing silver altar of Zin.
  1488 | D:3      | Found a burning altar of Makhleb.
  1488 | D:3      | Found a snail-covered altar of Cheibriados.
  2009 | D:4      | Reached XP level 4. HP: 36/42 MP: 3/3
  2021 | D:4      | Reached skill level 1 in Maces & Flails
  2040 | D:4      | Reached XP level 5. HP: 49/49 MP: 4/4
  2040 | D:4      | Found a sparkling altar of Nemelex Xobeh.
  2112 | D:4      | Found a staircase to the Ecumenical Temple.
  2135 | D:4      | Reached skill level 4 in Shapeshifting
  2201 | D:4      | Noticed a black bear
  2217 | D:4      | HP: 2/50 [black bear (2)]
  2217 | D:4      | Slain by a black bear

Illustrated notes

Levels and vault maps discovered:
D:1:      tarquinn_simple_flora_water_a, layout_loops_ring
D:2:      layout_rooms, minivault_11, minmay_misc_feat_x
D:3:      layout_basic, mainiacjoe_overflow_concentric_impassable,
          gammafunk_temple_overflow_wave
D:4:      layout_rooms, nemelex_xobeh_ov_fountains_minmay,
          minmay_temple_entry_junction, minmay_misc_feat_room, st_stairs_3

Skill      XL: |  1  2  3  4  5 |
---------------+----------------+-----
Fighting       | 1 2 |  2.5
Dodging        | 2 3 |  3.0
Maces & Flails | 1 |  1.9
Shapeshifting  | 4 |  4.0
Unarmed Combat | |  3.0

Action                     |  1- 3 |  4- 6 || total
---------------------------+-------+-------++-------
  Melee: Unarmed           |    70 |    24 ||    94
         Punch             |     3 |       ||     3
         Dagger            |       |    10 ||    10
   Stab: Sleeping          |     1 |       ||     1
 Armour: Animal skin       |    43 |    46 ||    89
  Dodge: Dodged            |    26 |    16 ||    42

Table legend: (Time is in decaauts)
 A = Elapsed time spent in this place.
 B = Non-inter-level travel time spent in this place.
 C = Inter-level travel time spent in this place.
 D = Time resting spent in this place.
 E = Time spent auto-exploring this place.
 F = Levels seen in this place.
 G = Mean time per level.
                   A        B        C        D        E       F      G
               +--------+--------+--------+--------+--------+-----+--------+
         Total |   2214 |   2161 |     53 |     18 |   1802 |   4 |  553.5 |
       Dungeon |   2214 |   2161 |     53 |     18 |   1802 |   4 |  553.5 |
               +--------+--------+--------+--------+--------+-----+--------+

Top non-repeatable levels by time:
     D:3: 848 daAuts
     D:1: 662 daAuts
     D:2: 473 daAuts
     D:4: 231 daAuts
